 Dungeon Crawl Stone Soup version 0.19-a0-998-gfd37873 (webtiles) character file.

287 TheGoonsmith the Destroyer (level 6, -1/45 HPs)
             Began as a Draconian Conjurer on July 17, 2016.
             Slain by unimpressed's ghost (4 damage)
             ... on level 3 of the Dungeon.
             The game lasted 00:03:11 (2672 turns).

TheGoonsmith the Destroyer (Draconian Conjurer)     Turns: 2672, Time: 00:03:11

Health: -1/45      AC:  8    Str: 10    XL:     6   Next: 8%
Magic:  1/16       EV: 11    Int: 18    God:
Gold:   171        SH:  0    Dex: 11    Spells: 2 memorised, 16 levels left

rFire  . . .     SeeInvis .     f - +0 whip
rCold  . . .     Gourm    .     (armour unavailable)
rNeg   . . .     Faith    .     (no shield)
rPois  .         Spirit   .     (helmet restricted)
rElec  .         Dismiss  .     (no cloak)
rCorr  .         Reflect  .     (no gloves)
SustAt .         Harm     .     l - +1 pair of boots
MR     .....                    (no amulet)
Stlth  +.........               (no ring)
                                (no ring)

@: heavily drained, not resistant to hostile enchantments, very unstealthy
A: unfitting armour, cold-blooded, AC +6
a: no special abilities


You were on level 3 of the Dungeon.
You were hungry.

You visited 1 branch of the dungeon, and saw 3 of its levels.

You collected 171 gold pieces.

Inventory:

Hand Weapons
 f - a +0 whip (weapon)
 h - a +0 club
Armour
 l - a +1 pair of boots (worn)
Jewellery
 e - an uncursed ring of sustain attributes {unknown}
 k - a +3 ring of intelligence {unknown}
 o - a cursed ring of loudness {unknown}
Scrolls
 d - a scroll of recharging {unknown}
 j - a scroll of blinking {unknown}
 m - a scroll of noise {unknown}
 q - a scroll of teleportation {unknown}
 r - a scroll of identify {unknown}
Potions
 g - a potion of invisibility {unknown}
 i - a potion of lignification {unknown}
 n - a potion of brilliance {unknown}
 p - a potion of cancellation {unknown}
 s - a potion of agility {unknown}
Books
 a - a book of Conjurations

   Spells                             Type                      Level
   a - Magic Dart                     Conjuration                  1
   b - Searing Ray                    Conjuration                  2
   c - Dazzling Spray                 Conjuration/Hexes            3
   d - Fulminant Prism                Conjuration/Hexes            4
   e - Iskenderun's Mystic Blast      Conjuration                  4
   f - Iskenderun's Battlesphere      Conjuration/Charms           5
Comestibles
 b - 3 bread rations


   Skills:
 - Level 1.7(0.6) Dodging
 - Level 1.7(0.6) Stealth
 + Level 7.1(5.8) Spellcasting
 * Level 11.2(9.8) Conjurations


You had 16 spell levels left.
You knew the following spells:

 Your Spells              Type           Power        Failure   Level  Hunger
a - Magic Dart            Conj           ####         1%          1    None
b - Searing Ray           Conj           #####.       1%          2    None


Dungeon Overview and Level Annotations

Branches:
Dungeon (3/15)

Altars:
Ashenzari
Dithmenos
Hepliaklqana
Kikubaaqudgha
Qazlal
Trog
Xom

Annotations:
D:3 unimpressed's ghost, amateur DEFE


Innate Abilities, Weirdness & Mutations

Your plain brown scales are hard. (AC +6)
Your body does not fit into most forms of armour.
You are cold-blooded and may be slowed by cold attacks.


Message History

Unimpressed's ghost hits you.
* * * LOW HITPOINT WARNING * * *
You feel drained.
* * * LOW HITPOINT WARNING * * *
You barely miss unimpressed's ghost.
Your tail-slap misses unimpressed's ghost.
Unimpressed's ghost is almost destroyed.
Unimpressed's ghost gestures at you while chanting.
The flame tongue hits you!
* * * LOW HITPOINT WARNING * * *
It was a potion of experience.
You feel more experienced!
Your base Spellcasting skill gained 4 levels and is now at level 7!
Your base Conjurations skill gained 6 levels and is now at level 11!
You have reached level 6!
Your experience leads to an increase in your attributes!
Increase (S)trength, (I)ntelligence, or (D)exterity?
You feel clever.
Your scales feel tougher.
Unimpressed's ghost hits you.
You die...

..... #. .... #. ...
######. #†#####
#...... #.#.....#
#...... #.#.....#
#...... #.#.....#
#...... ##.#W#####
#...... #...@....#
#.....#
#........######.....#
#....................
#........######......
##.#.#.### #......
#.#.#.# #......
##############.#.#.#
##.####
.............#.#.#.#
#.#
.###########)#.#.#.#
#.#


You could see unimpressed's ghost.

Vanquished Creatures
  A giant frog (D:3)
  A worker ant (D:3)
  An adder (D:2)
  A worm (D:2)
  4 dart slugs
  A giant gecko (D:1)
  5 bats
  2 giant cockroaches
  4 goblins
  6 hobgoblins
  A jackal (D:2)
  6 kobolds
  A quokka (D:2)
  A giant newt (D:2)
  8 rats
43 creatures vanquished.

Notes
Turn   | Place    | Note
-------+----------+-------------------------------------------
     0 | D:1      | TheGoonsmith the Draconian Conjurer began the quest for the Orb.
     0 | D:1      | Reached XP level 1. HP: 14/14 MP: 3/3
   221 | D:1      | Reached XP level 2. HP: 20/20 MP: 1/5
  1240 | D:1      | Learned a level 2 spell: Searing Ray
  1431 | D:2      | Reached XP level 3. HP: 26/26 MP: 2/6
  1873 | D:2      | Reached skill level 5 in Conjurations
  1996 | D:2      | Found a shimmering altar of Xom.
  2003 | D:2      | Found a stormy altar of Qazlal.
  2010 | D:2      | Found a shadowy altar of Dithmenos.
  2017 | D:2      | Found a shattered altar of Ashenzari.
  2024 | D:2      | Found a bloodstained altar of Trog.
  2029 | D:2      | Found a hazy altar of Hepliaklqana.
  2040 | D:2      | Found an ancient bone altar of Kikubaaqudgha.
  2255 | D:3      | Noticed a giant frog
  2262 | D:3      | Killed a giant frog
  2262 | D:3      | Reached XP level 4. HP: 22/33 MP: 0/8
  2465 | D:3      | Reached XP level 5. HP: 25/38 MP: 1/9
  2656 | D:3      | Noticed unimpressed's ghost (amateur DEFE)
  2672 | D:3      | Reached skill level 11 in Conjurations
  2672 | D:3      | Reached XP level 6. HP: 3/45 MP: 1/16
  2672 | D:3      | Slain by unimpressed's ghost

Vault maps used:
D:1:      minmay_arrival_solitary_statue, minmay_pentomino_w2
D:2:      grunt_temple_overflow_octagram, minmay_close_crescents
D:3:      minmay_misc_feat_roman, okawaru_altar_gauntlet_db

Skill      XL: |  1  2  3  4  5 |
---------------+----------------+-----
Conjurations   | 5 11 | 11.2
Spellcasting   | 3 7 |  7.1
Dodging        | |  1.7
Stealth        | |  1.7

Action                   |  1- 3 |  4- 6 || total
-------------------------+-------+-------++-------
Melee: Unarmed           |     9 |       ||     9
       Club              |     9 |       ||     9
       Tailslap          |     1 |     1 ||     2
       Whip              |     2 |    10 ||    12
 Cast: Magic Dart        |    85 |    21 ||   106
       Searing Ray       |     1 |     1 ||     2
  Use: Potion            |       |     1 ||     1
  Eat: Pizza             |     1 |       ||     1
       Chunk             |     2 |     2 ||     4
Armor: Skin              |     6 |     3 ||     9
Dodge: Dodged            |    18 |     6 ||    24
